 Dungeon Crawl Stone Soup version 0.28.0-1-gb440e238dd (webtiles) character file.

Game seed: 2930418825918994202

161071 sanboga the Severer (level 17, -9/115 HPs)
             Began as a Gargoyle Fighter on Feb 21, 2022.
             Was the Champion of Trog.
             Mangled by a mana viper (10 damage)
             ... on level 1 of the Snake Pit on Feb 24, 2022.
             The game lasted 01:10:25 (35864 turns).

sanboga the Severer (Gargoyle Fighter)             Turns: 35864, Time: 01:10:26

Health: -9/115     AC: 42    Str: 22    XL:     17   Next: 48%
Magic:  17/17      EV:  4    Int: 12    God:    Trog [******]
Gold:   1543       SH: 13    Dex: 12    Spells: 16/16 levels left

rFire   + . .      SeeInvis +   a - +5 broad axe of Amortisation {flame, rPois Str-4 Int+4}
rCold   + . .      Faith    .   g - +0 kite shield
rNeg    + . .      Spirit   .   i - +1 plate armour of Dogma {Dex+3}
rPois   ∞          Reflect  .   q - +2 helmet {SInv}
rElec   +          Harm     .   l - scarf {rC+ rF+}
rCorr   .          Rampage  .   F - +0 pair of gloves
Will    +++..      Rage     50% v - +0 pair of boots
Stlth   ..........              A - necklace of Bloodlust {*Rage Will++ Int-3 Slay+6}
HPRegen 0.29/turn               t - +4 ring of slaying
MPRegen 0.15/turn               D - +4 ring of protection

@: on berserk cooldown, flying, slowed, constricted, very slow
A: sickness immunity, AC +12, big wings, negative energy resistance 1,
electricity resistance, torment resistance 1, petrification resistance
}: 1/15 runes: decaying
a: Renounce Religion, Berserk, Trog's Hand, Brothers in Arms


You were on level 1 of the Snake Pit.
You worshipped Trog.
Trog was exalted by your worship.
You visited 6 branches of the dungeon, and saw 29 of its levels.
You also visited: Sewer.

You collected 2927 gold pieces.
You spent 1384 gold pieces at shops.

Inventory:

Hand Weapons
 a - the +5 broad axe of Amortisation (weapon) {flame, rPois Str-4 Int+4}
   (You acquired it on level 5 of the Lair of Beasts)

   It burns those it strikes, dealing additional fire damage.
   Big, fiery blades are also staple armaments of hydra-hunters.
   Str:       It affects your strength (-4).
   Int:       It affects your intelligence (+4).
   rPois:     It protects you from poison.
 E - a +2 broad axe of flaming
Armour
 g - a +0 kite shield (worn)
 i - the +1 plate armour of Dogma (worn) {Dex+3}
   (You bought it in a shop on level 2 of the Orcish Mines)

   Dex:       It affects your dexterity (+3).
 l - a scarf of resistance (worn)
 q - a +2 helmet of see invisible (worn)
 v - a +0 pair of boots (worn)
 F - a +0 pair of gloves (worn)
Jewellery
 k - a ring of resist corrosion
 t - a +4 ring of slaying (left hand)
 y - a ring of fire
 A - the necklace of Bloodlust (around neck) {*Rage Will++ Int-3 Slay+6}
   (You bought it in a shop on level 14 of the Dungeon)

   [amulet of nothing]

   It extends the wearer's berserk rage when killing foes.
   Int:       It affects your intelligence (-3).
   Slay:      It affects your accuracy & damage with ranged weapons and melee
   (+6).
   *Rage:     It berserks you when you make melee attacks (+50% chance).
   Will:      It greatly increases your willpower.
 D - a +4 ring of protection (right hand)
 G - a ring of protection from fire
Wands
 b - a wand of digging (5)
 m - a wand of paralysis (5) (quivered)
 o - a wand of acid (12)
 C - a wand of iceblast (14)
Scrolls
 c - 5 scrolls of fog
 e - 3 scrolls of identify
 n - a scroll of blinking
 p - 5 scrolls of magic mapping
 u - 2 scrolls of silence
 x - 4 scrolls of enchant weapon
 B - 3 scrolls of holy word
Potions
 d - 6 potions of haste
 f - 2 potions of curing
 h - 5 potions of resistance
 j - 4 potions of mutation
 r - 2 potions of might
 s - 3 potions of ambrosia
 w - a potion of cancellation
 z - a potion of berserk rage
 H - a potion of invisibility


   Skills:
 + Level 15.8 Fighting
 - Level 18.0 Axes
 + Level 15.7 Armour
 * Level 15.9 Shields


You had 16 spell levels left.
You didn't know any spells.
Your spell library contained the following spells:

 Spells                   Type           Power      Damage    Failure   Level
 Ensorcelled Hibernation  Hex/Ice        0%         N/A       100%        2
 Spider Form              Tmut/Pois      0%         N/A       100%        3
 Anguish                  Hex/Necr       0%         N/A       100%        4


Dungeon Overview and Level Annotations

Branches:
Dungeon (15/15)            Temple (1/1) D:5            Lair (6/6) D:9
  Swamp (4/4) Lair:2        Snake (1/4) Lair:3        Slime (0/5) Lair:6
    Orc (2/2) D:10            Elf (0/3) Orc:2        Vaults (0/5) D:14
 Depths (0/4) D:15          Sewer (visited)

Altars:
Ashenzari
Cheibriados
Dithmenos
Elyvilon
Fedhas
Gozag
Hepliaklqana
Kikubaaqudgha
Makhleb
Nemelex Xobeh
Okawaru
Qazlal
Ru
Sif Muna
Trog
Uskayaw
Vehumet
Wu Jian
Xom
Yredelemnul
Zin
The Shining One
Beogh

Shops:
D:5 (   D:14 =   Orc:2 :[*(

Annotations:
D:6 3 runed translucent doors, ddubois's ghost, novice OpBr
D:11 3 runed translucent doors, a3don's ghost, journeyman GnIE
Snake:1 Frances; Mlioglotl


Innate Abilities, Weirdness & Mutations

You are immune to sickness and miasma.
Your stone body is resilient. (AC +12)
You are immune to poison.
Your large and strong wings let you fly.
You resist negative energy. (rN+)
You are resistant to electric shocks. (rElec)
You are resistant to unholy torment.
You are immune to petrification.


Message History

The anaconda constricts you.
* * * LOW HITPOINT WARNING * * *
Mlioglotl churns violently!
Mlioglotl corrupts the dungeon around him!
You block the mana viper's attack.
The anaconda bites you but does no damage.
The anaconda constricts you.
* * * LOW HITPOINT WARNING * * *
A naga ritualist comes into view. It is wielding a +0 hand axe.
Mlioglotl hits you but does no damage. Mlioglotl tramples you!
* * * LOW HITPOINT WARNING * * *
You are held in place!
Okay, then.
You feel better. You block the anaconda's attack. The anaconda constricts you.
* * * LOW HITPOINT WARNING * * *
The mana viper bites you but does no damage.
Frances screams a word of power!
The anaconda barely misses you. The anaconda constricts you.
Mlioglotl churns violently!
Mlioglotl corrupts the dungeon around him!
You block the mana viper's attack. The anaconda bites you.
* * * LOW HITPOINT WARNING * * *
The anaconda constricts you. Mlioglotl hits you but does no damage.
Mlioglotl tramples you but does no damage.
The mana viper bites you but does no damage.
The anaconda's grasp on you weakens, but your attempt to escape fails.
You block the anaconda's attack. The anaconda constricts you.
* * * LOW HITPOINT WARNING * * *
Mlioglotl hits you but does no damage. You block Mlioglotl's attack.
The anaconda bites you but does no damage.
The anaconda constricts you.
The mana viper bites you but does no damage.
You block the red devil's attack. Mlioglotl hits you!
* * * LOW HITPOINT WARNING * * *
Mlioglotl tramples you!
* * * LOW HITPOINT WARNING * * *
You are held in place!
The anaconda bites you but does no damage.
The anaconda constricts you. The mana viper bites you!
You die...

#...xNSS......#
#....NSS.S....#
#.###S#######.# ... #.#
#####p### ### #S#
#.......# #.# #..p.....
#.# #........
######x###........
#@SS3SN...........
..######SX@S3N#..........
........4####.###........
..............# #........
.?############# ##......(
##...... ##....# ##..##


You could see Mlioglotl (strong), Frances (fast), an anaconda, a soul eater
(summoned), 2 naga ritualists, 2 mana vipers, 2 black mambas, a smoke demon
(summoned), a red devil (summoned) and a small abomination (summoned).

Vanquished Creatures
  A thorn hunter (Swamp:1)
  Kirke (Snake:1)
  Aizul (Snake:1)
  A ghost moth (shapeshifter) (D:15)
  2 orc warlords
  The ghost of Nuepoake the Grappler, a journeyman NaTm of Cheibriados (Lair:6)
  3 ghouls (Swamp:4)
  A very ugly thing (D:15)
  3 eleionomae
  Azrael (D:13)
  A minotaur (Lair:2)
  5 bunyips
  2 shambling mangroves
  A fire dragon (Lair:6)
  25 hydras
  Fannar (D:10)
  Harold (D:9)
  An ice dragon (Lair:6)
  2 boulder beetles
  2 ghost crabs
  8 vault guards
  7 two-headed ogres
  An ogre mage (D:15)
  A catoblepas (D:13)
  An anaconda (Snake:1)
  6 centaur warriors
  6 alligators
  7 death yaks
  An orc high priest (Orc:2)
  Nergalle (Lair:3)
  6 goliath frogs
  6 spriggan druids
  A glowing orange brain (shapeshifter) (D:14)
  A glowing orange brain (D:15)
  2 lindwurms (Lair:6)
  15 swamp dragons
  4 orc knights
  7 bog bodies
  3 mana vipers (Snake:1)
  Pikel (D:6)
  3 cyclopes
  A deep elf pyromancer (D:12)
  A mana viper (shapeshifter) (D:13)
  An oklob plant (Lair:6)
  4 orc sorcerers
  5 will-o-the-wisps
  4 manticores
  8 ugly things
  12 black mambas
  A naga mage (Snake:1)
  7 torpor snails
  10 cane toads
  An efreet (D:15)
  An unseen horror (D:12)
  3 rime drakes
  A gargoyle (D:11)
  Maggie (D:6)
  Psyche (D:12)
  A kobold demonologist (D:13)
  8 komodo dragons
  2 tengu conjurers (D:13)
  11 tyrant leeches
  4 polar bears
  A bloated husk (Swamp:1)
  3 trolls
  20 hornets
  5 blink frogs (Lair:3)
  7 slime creatures
  Sigmund (D:2)
  12 spriggans
  2 shadows (D:11)
  52 yaks
  6 wyverns
  5 hogs (Snake:1)
  3 fire elementals (D:13)
  3 steam dragons
  10 vampire mosquitoes
  2 basilisks
  5 wargs
  Menkaure (D:5)
  10 swamp worms
  9 acid dragons
  17 water moccasins
  4 hell hounds
  A naga (Lair:3)
  Pargi (Sewer)
  2 sky beasts
  13 swamp drakes
  33 orc warriors
  A black bear (D:6)
  2 hornet zombies
  6 necrophages
  8 ogres
  3 wolves (Lair:6)
  3 lemures (D:6)
  18 centaurs
  2 kobold brigands
  Blork the orc (Orc:2)
  19 bullfrogs
  2 scorpions
  A wyvern skeleton (D:7)
  5 killer bees (D:9)
  2 centaur zombies (D:8)
  11 howler monkeys
  2 jellies
  A hound (D:7)
  A gnoll shaman (D:6)
  19 orc priests
  2 centaur skeletons
  3 iguanas
  A bullfrog skeleton (D:6)
  27 orc wizards
  2 hell rats (D:9)
  A scorpion zombie (D:5)
  3 killer bee zombies
  8 adders
  12 gnolls
  A river rat (D:6)
  A shadow imp (D:5)
  A white imp (D:6)
  An ufetubus (D:7)
  An adder skeleton (D:4)
  2 worms
  A dart slug (D:3)
  67 orcs
  11 endoplasms
  6 giant cockroaches
  16 goblins
  10 hobgoblins
  4 jackals
  19 kobolds
  7 quokkas
  8 ball pythons
  8 bats
  2 frilled lizards (D:1)
  9 rats
  5 briar patches (Swamp:1)
806 creatures vanquished.

Vanquished Creatures (others)
  A swamp dragon (Swamp:4)
  A bloated husk (Swamp:2)
  A hornet (Swamp:4)
  A human (Snake:1)
  A swamp worm (Swamp:1)
  2 briar patches (Swamp:1)
  2 demonic plants (D:2)
  19 foxfires
  28 fungi
  62 plants
  A withered plant (D:2)
119 creatures vanquished.

Grand Total: 925 creatures vanquished

Notes
Turn   | Place    | Note
-------+----------+-------------------------------------------
     0 | D:1      | sanboga the Gargoyle Fighter began the quest for the Orb.
     0 | D:1      | Reached XP level 1. HP: 14/14 MP: 1/1
    28 | D:1      | Reached skill level 2 in Axes
   126 | D:1      | Reached XP level 2. HP: 19/19 MP: 2/2
   695 | D:1      | Reached XP level 3. HP: 22/23 MP: 3/3
  1371 | D:2      | Found an ornate altar of the Wu Jian Council.
  1469 | D:2      | Found a faded altar of an unknown god.
  1974 | D:2      | Noticed Sigmund
  1988 | D:2      | Killed Sigmund
  1989 | D:2      | Reached skill level 3 in Axes
  1989 | D:2      | Reached XP level 4. HP: 25/29 MP: 4/4
  1989 | D:2      | Reached XP level 5. HP: 28/33 MP: 5/5
  2374 | D:3      | Reached XP level 6. HP: 39/39 MP: 6/6
  3453 | D:4      | Reached skill level 4 in Axes
  3909 | D:4      | Noticed a necrophage
  3914 | D:4      | Killed a necrophage
  3915 | D:4      | Reached XP level 7. HP: 44/44 MP: 7/7
  4018 | D:4      | Reached skill level 5 in Fighting
  4021 | D:4      | Reached skill level 5 in Armour
  4021 | D:4      | Reached skill level 5 in Shields
  4801 | D:5      | Entered Level 5 of the Dungeon
  4859 | D:5      | Reached skill level 5 in Axes
  4883 | D:5      | Found Xiatiac's Weapon Boutique.
  5062 | D:5      | Reached XP level 8. HP: 40/50 MP: 8/8
  5174 | D:5      | Found a staircase to the Ecumenical Temple.
  5213 | Temple   | Entered the Ecumenical Temple
  5284 | Temple   | Became a worshipper of Trog the Wrathful
  5584 | D:5      | Identified the amulet of Varr {Spirit Dex+3}
  5724 | D:5      | Noticed Menkaure
  5736 | D:5      | Killed Menkaure
  5873 | D:5      | Found a stormy altar of Qazlal.
  5900 | D:5      | Reached skill level 6 in Axes
  6062 | D:6      | Noticed Maggie
  6083 | D:6      | Killed Maggie
  6401 | D:6      | Found a glowing drain.
  6418 | Sewer    | Entered a sewer
  6486 | Sewer    | Noticed Pargi
  6490 | Sewer    | Killed Pargi
  6491 | Sewer    | Reached XP level 9. HP: 56/56 MP: 9/9
  6551 | Sewer    | Reached * piety under Trog
  6960 | D:6      | Noticed Pikel
  6978 | D:6      | Killed Pikel
  6979 | D:6      | Reached skill level 7 in Axes
  7497 | D:6      | Found a runed translucent gate.
  7497 | D:6      | Found a runed translucent gate.
  7497 | D:6      | Found a runed translucent gate.
  7497 | D:6      | Noticed ddubois's ghost (novice OpBr)
  8262 | D:7      | Reached skill level 8 in Axes
  8356 | D:7      | Reached XP level 10. HP: 58/63 MP: 8/10
  8954 | D:8      | Reached ** piety under Trog
  9275 | D:8      | You fall into a shaft and drop 2 floors!
  9275 | D:10     | Entered Level 10 of the Dungeon
  9426 | D:10     | Reached skill level 9 in Axes
  9785 | D:9      | Noticed a death yak
 10468 | D:9      | Noticed Harold
 10502 | D:9      | Killed Harold
 10512 | D:9      | Noticed a death yak
 10538 | D:8      | Killed a death yak
 10539 | D:8      | Reached XP level 11. HP: 69/69 MP: 9/11
 10620 | D:9      | Noticed a death yak
 10637 | D:8      | Killed a death yak
 10638 | D:8      | Reached skill level 10 in Axes
 10694 | D:9      | Killed a death yak
 10919 | D:9      | Found a staircase to the Lair.
 10927 | D:9      | Noticed a two-headed ogre
 10938 | D:9      | Killed a two-headed ogre
 11571 | D:10     | Noticed Fannar
 11590 | D:10     | Killed Fannar
 11922 | D:10     | Reached *** piety under Trog
 12146 | D:10     | Found a staircase to the Orcish Mines.
 13171 | D:11     | Reached skill level 11 in Axes
 13428 | D:11     | Found a runed translucent gate.
 13428 | D:11     | Found a runed translucent gate.
 13428 | D:11     | Found a runed translucent gate.
 13430 | D:11     | Noticed a3don's ghost (journeyman GnIE)
 13510 | D:11     | Noticed a two-headed ogre
 13519 | D:11     | Killed a two-headed ogre
 13595 | D:11     | Noticed an eight-headed hydra
 14352 | D:11     | Killed a three-headed hydra
 14353 | D:11     | Reached skill level 10 in Fighting
 14353 | D:11     | Reached XP level 12. HP: 59/77 MP: 8/12
 14514 | D:12     | Reached skill level 10 in Armour
 14514 | D:12     | Reached skill level 10 in Shields
 14674 | D:12     | Noticed a two-headed ogre
 14681 | D:12     | Killed a two-headed ogre
 14784 | D:12     | Noticed a five-headed hydra
 14796 | D:12     | Killed a one-headed hydra
 15025 | D:12     | Noticed Psyche
 15039 | D:12     | Killed Psyche
 15181 | D:12     | Noticed an eight-headed hydra
 15196 | D:12     | Killed a three-headed hydra
 15960 | D:13     | Reached **** piety under Trog
 16071 | D:13     | Reached skill level 12 in Axes
 16181 | D:13     | Noticed a centaur warrior
 16200 | D:13     | Killed a centaur warrior
 16343 | D:13     | Noticed a catoblepas
 16351 | D:13     | Killed a catoblepas
 16457 | D:13     | Noticed Azrael
 17694 | D:13     | Killed Azrael
 18304 | D:14     | Noticed a centaur warrior
 18306 | D:14     | Noticed a boulder beetle
 18660 | D:14     | Killed a centaur warrior
 18661 | D:14     | Reached XP level 13. HP: 66/84 MP: 9/13
 18989 | D:14     | Found Qaitz's Jewellery Shop.
 18998 | D:14     | Bought the necklace of Bloodlust {*Rage Will++ Int-3
                  | Slay+6} for 555 gold pieces
 18998 | D:14     | Found the necklace of Bloodlust {*Rage Will++ Int-3 Slay+6}
 19297 | D:14     | Noticed a vault guard
 19297 | D:14     | Noticed a vault guard
 19297 | D:14     | Noticed a vault guard
 19297 | D:14     | Noticed a vault guard
 19309 | D:13     | Killed a vault guard
 19349 | D:14     | Noticed a vault guard
 19358 | D:13     | Killed a vault guard
 19359 | D:13     | Reached skill level 13 in Axes
 19359 | D:13     | Killed a vault guard
 19363 | D:13     | Killed a vault guard
 19554 | D:14     | Found a gate to the Vaults.
 19559 | D:14     | Killed a vault guard
 19559 | D:14     | Noticed a vault guard
 19561 | D:14     | Noticed a vault guard
 19563 | D:14     | Noticed a vault guard
 19587 | D:13     | Killed a vault guard
 19809 | D:14     | Killed a vault guard
 19810 | D:14     | Killed a vault guard
 20721 | D:15     | Entered Level 15 of the Dungeon
 20821 | D:15     | Reached skill level 14 in Axes
 20821 | D:15     | Gained mutation: Your large and strong wings let you fly.
                  | [Gargoyle growth]
 20821 | D:15     | Reached XP level 14. HP: 63/92 MP: 14/14
 21893 | D:15     | Noticed a ghost moth
 21893 | D:15     | a fire dragon changed into a ghost moth
 21894 | D:15     | Noticed a purple very ugly thing
 21904 | D:15     | Killed a ghost moth
 21912 | D:15     | Killed a purple very ugly thing
 22113 | D:15     | Found a staircase to the Depths.
 22272 | Lair:1   | Entered Level 1 of the Lair of Beasts
 23286 | Lair:2   | Found a runed translucent door.
 23320 | Lair:2   | Found a staircase to the Swamp.
 24026 | Lair:3   | Found a staircase to the Snake Pit.
 24375 | Lair:3   | Reached ***** piety under Trog
 24422 | Lair:3   | Noticed Nergalle
 24435 | Lair:3   | Killed Nergalle
 24792 | Lair:4   | Received a gift from Trog
 24943 | Lair:4   | Reached skill level 15 in Axes
 25492 | Lair:4   | Identified the +1 leather armour of Fortitude {Will+ Dex+6}
 25749 | Lair:5   | Reached XP level 15. HP: 70/99 MP: 15/15
 25955 | Lair:5   | Identified a scroll of acquirement
 25956 | Lair:5   | Acquired the +5 broad axe of Amortisation {flame, rPois
                  | Str-4 Int+4}
 26410 | Lair:6   | Entered Level 6 of the Lair of Beasts
 26457 | Lair:6   | Found a staircase to the Slime Pits.
 26620 | Lair:6   | Found a large runed translucent door.
 26620 | Lair:6   | Found a large runed translucent door.
 26869 | Lair:6   | Identified the +3 dagger of Lyucuk {elec, rElec Will- MP-9
                  | SInv}
 27495 | Lair:6   | Noticed Nuepoake's ghost (journeyman NaTm)
 27513 | Lair:6   | Killed Nuepoake's ghost
 27767 | Lair:6   | Found a runed translucent door.
 28317 | Orc:1    | Entered Level 1 of the Orcish Mines
 28322 | Orc:1    | Received a gift from Trog
 28535 | Orc:1    | Reached skill level 16 in Axes
 28965 | Orc:2    | Entered Level 2 of the Orcish Mines
 29069 | Orc:2    | Found a radiant altar of Vehumet.
 29072 | Orc:2    | Noticed an orc warlord
 29165 | Orc:1    | Killed an orc warlord
 29880 | Orc:2    | Noticed Blork the orc
 29896 | Orc:2    | Killed Blork the orc
 29902 | Orc:2    | Received a gift from Trog
 30015 | Orc:2    | Noticed an orc warlord
 30082 | Orc:2    | Killed an orc warlord
 30145 | Orc:2    | Found Mido's General Store.
 30156 | Orc:2    | Found Imereapy's Book Shop.
 30189 | Orc:2    | Found Ythalatt's Antique Armour Shop.
 30197 | Orc:2    | Bought a fading plate armour for 784 gold pieces
 30197 | Orc:2    | Identified the +1 plate armour of Dogma {Dex+3} (You bought
                  | it in a shop on level 2 of the Orcish Mines)
 30224 | Orc:2    | Bought a scroll of magic mapping for 45 gold pieces
 30232 | Orc:2    | Found Veupri's Antique Weapon Shop.
 30506 | Orc:2    | Found a staircase to the Elven Halls.
 30996 | Swamp:1  | Entered Level 1 of the Swamp
 31395 | Swamp:1  | Reached XP level 16. HP: 107/107 MP: 16/16
 31633 | Swamp:1  | Noticed a thorn hunter
 31672 | Swamp:1  | Killed a thorn hunter
 31676 | Swamp:1  | Reached ****** piety under Trog
 32084 | Swamp:1  | You are sucked into a shaft and drop 1 floor!
 32400 | Swamp:2  | Received a gift from Trog
 33115 | Swamp:3  | Reached skill level 17 in Axes
 33801 | Swamp:4  | Entered Level 4 of the Swamp
 33813 | Swamp:4  | Reached skill level 15 in Fighting
 33982 | Swamp:4  | Reached skill level 15 in Shields
 34018 | Swamp:4  | Reached skill level 15 in Armour
 34632 | Swamp:4  | Reached XP level 17. HP: 84/113 MP: 17/17
 35076 | Swamp:4  | Received a gift from Trog
 35149 | Swamp:4  | Got a decaying rune of Zot
 35660 | Lair:3   | Reached skill level 18 in Axes
 35690 | Snake:1  | Entered Level 1 of the Snake Pit
 35761 | Snake:1  | Noticed Kirke
 35775 | Snake:1  | Killed Kirke
 35820 | Snake:1  | Noticed Aizul
 35837 | Snake:1  | Noticed Mlioglotl
 35840 | Snake:1  | Killed Aizul
 35855 | Snake:1  | Noticed Frances
 35864 | Snake:1  | HP: 1/115 [Mlioglotl (14)]
 35864 | Snake:1  | Mangled by a mana viper

Illustrated notes

Levels and vault maps discovered:
D:1:      dpeg_arrival_arbitrary_b, layout_basic
D:2:      layout_basic, basic_altar, shapermc_ecumenical_altar_gd, uniq_sigmund
D:3:      layout_loops_ring, amcnicky_mini_corridor_feature,
          minmay_increasing_density
D:4:      layout_basic, minivault_19
D:5:      layout_basic, mainiacjoe_overflow_brackets,
          minmay_temple_entry_steel_oval, serial_shops, shop, uniq_menkaure
D:6:      layout_gridville, portal_sewer_entry_b, ebering_ghost_rock_garden,
          uniq_maggie, uniq_pikel
D:7:      layout_loops_ring, serial_rivers, chequers_serial_rivers_small_b,
          chequers_serial_rivers_small_3, chequers_serial_rivers_marsh,
          chequers_serial_rivers_large_a, chequers_serial_rivers_marsh,
          grunt_ministairs_15
D:8:      layout_loops_ring
D:9:      layout_loops_cross, dpeg_lair_monsters, uniq_harold
D:10:     layout_loops_corners, erik_orc_1, serial_aquarium,
          aquarium_bridge_square [aquarium_subvault_window,
          aquarium_subvault_bridge, aquarium_subvault_bridge,
          aquarium_subvault_wall], aquarium_bridge_square
          [aquarium_subvault_bridge, aquarium_subvault_wall,
          aquarium_subvault_bridge, aquarium_subvault_wall],
          aquarium_window_fake, aquarium_window_corner, aquarium_window_fake,
          aquarium_view_2e, aquarium_view_2c, mrwooster_statue_mirror,
          uniq_fannar
D:11:     layout_loops_ring, gammafunk_ghost_nasty_kobolds
D:12:     layout_irregular_city, uniq_psyche
D:13:     layout_loops_corners, uniq_azrael
D:14:     layout_cave_pods, erik_vaults_2, serial_shops, shop_statue,
          abandoned_shop
D:15:     gammafunk_enter_depths_forms, layout_cave_pools,
          hangedman_decor_cross_pass, chequers_serial_rivers_small_b,
          bh_walls_and_bars
Temple:   dpeg_three_leaves_temple
Lair:1:   layout_misc_corridors, st_stairs_13
Lair:2:   dreamdust_labyrinth, layout_chaotic_city, swamp_mist,
          grunt_megastairs_5
Lair:3:   layout_misc_corridors, guppyfry_snake_entry_garden,
          infiniplex_staircase_pool_2, uniq_nergalle
Lair:4:   layout_regular_city, grunt_megastairs_2, lemuel_fruit_tree
Lair:5:   layout_misc_corridors
Lair:6:   guppyfry_lair_end_dragon, layout_regular_city, wormcave,
          minmay_slime_entry_oklob_open, ebering_ghost_disaster_area
Swamp:1:  layout_falls_marsh, hangedman_swamp_blocks
Swamp:2:  layout_basic_swamp, hangedman_swamp_cone
Swamp:3:  layout_basic_swamp, serial_swamp_ruin, evilmike_swamp_ruin_house_3,
          evilmike_swamp_ruin_house_5, evilmike_swamp_ruin_rubble_1,
          infiniplex_staircase_pool
Swamp:4:  swamp, layout_basic_swamp
Snake:1:  layout_gridlike, uniq_mlioglotl, uniq_kirke, uniq_aizul, uniq_frances
Orc:1:    layout_caves
Orc:2:    grunt_orc_cross, layout_diamond_mine, basic_altar, mines_bat_river

Skill      XL: |  1  2  3  4  5  6  7  8  9 10 11 12 13 14 15 16 17 |
---------------+----------------------------------------------------+-----
Axes           | 2 3 4 5 6 8 9 11 12 14 15 16 17 18 | 18.0
Fighting       | 4 5 6 7 8 10 11 12 13 14 15 | 15.8
Armour         | 4 5 6 7 8 9 11 12 13 14 15 | 15.7
Shields        | 4 5 6 7 8 9 11 12 13 14 15 | 15.9

Action                   |  1- 3 |  4- 6 |  7- 9 | 10-12 | 13-15 | 16-18 || total
-------------------------+-------+-------+-------+-------+-------+-------++-------
Melee: War axe           |   148 |   115 |   315 |   587 |   429 |       ||  1594
       Halberd           |       |       |       |    20 |       |       ||    20
       Scimitar          |       |       |       |       |    40 |       ||    40
       Broad axe         |       |       |       |       |   400 |   429 ||   829
Invok: Berserk           |       |       |     1 |    11 |     4 |       ||    16
       Brothers in Arms  |       |       |       |       |     1 |       ||     1
Evoke: Wand              |       |       |     1 |    25 |       |       ||    26
  Use: Scroll            |     1 |     5 |     6 |    11 |    12 |     5 ||    40
       Potion            |     1 |       |     3 |     7 |     2 |     4 ||    17
 Stab: Distracted        |       |       |       |       |     1 |       ||     1
       Confused          |       |       |       |       |       |     1 ||     1
Armor: Scale mail        |    81 |    30 |       |       |       |       ||   111
       Plate armour      |       |    35 |   245 |   400 |   487 |   389 ||  1556
Dodge: Dodged            |    87 |    49 |    97 |   301 |   195 |   103 ||   832
Block: Buckler           |    25 |    31 |    17 |       |       |       ||    73
       Kite shield       |       |       |   146 |   379 |   414 |   268 ||  1207
